Map: Tokamak LE

Players

Remarcable (uThermal) - Winner!

  • Race: Terran Terran
  • League: Grandmaster
  • Spawn Location: 7:00

Geralt (Gerald)

  • Race: Protoss Protoss
  • League: Grandmaster
  • Spawn Location: 1:00

Event: HomeStory Cup XXVII

VOD

Have the link to the VOD?

Description

Time

  • Played on: June 28, 2025, 6:55 a.m.
  • Length: 16:29

All games in this series

Show
View Real Time Build Order
Export as new Build Order

Remarcable Terran - Winner!

Build Orders: Reaper Expand, Banshee Rush 

Get SALT Encoding   

  12  0:00  SCV  
  13  0:12  SCV  
  14  0:16  Supply Depot  
  14  0:24  SCV  
  15  0:38  SCV  
  15  0:40  Barracks  
  15  0:42  Refinery  
  16  0:50  SCV  
  17  1:02  SCV  
  18  1:14  SCV  
  19  1:28  Orbital Command, Reaper  
  20  1:41  Command Center  
  20  1:51  Supply Depot  
  20  1:53  SCV  
  21  1:59  Marine  
  22  2:05  SCV  
  23  2:10  Factory  
  23  2:18  SCV  
  23  2:19  Bunker  
  24  2:27  Barracks Reactor  
  24  2:30  SCV  
  24  2:31  Refinery  
  25  2:42  SCV  
  26  2:54  Orbital Command, SCV  
  26  2:55  Hellion  
  29  3:00  Starport  
  29  3:05  Marine x2  
  31  3:06  SCV  
  32  3:17  Factory Tech Lab  
  32  3:18  SCV  
  33  3:20  SCV  
  33  3:23  Marine x2  
  36  3:30  SCV  
  36  3:31  Supply Depot  
  36  3:33  SCV  
  38  3:40  Marine  
  38  3:41  Marine  
  39  3:43  SCV  
  39  3:44  Factory Tech Lab  
  39  3:45  SCV  
  39  3:46  Banshee  
  44  3:50  Cloaking Field  
  44  3:55  SCV  
  45  3:57  Supply Depot, SCV  
  45  3:59  Marine x2  
  48  4:07  SCV  
  48  4:08  Siege Tank  
  48  4:09  SCV  
  53  4:18  Marine  
  53  4:19  Marine, SCV  
  53  4:20  Supply Depot  
  53  4:21  SCV  
  57  4:28  Command Center  
  57  4:32  Banshee  
  57  4:34  SCV  
  57  4:35  SCV  
  57  4:37  Marine  
  62  4:41  Marine  
  62  4:43  Supply Depot  
  61  4:46  SCV  
  61  4:47  SCV  
  61  4:50  Siege Tank  
  66  4:55  Marine  
  66  4:59  Barracks, Marine  
  68  5:01  Barracks, SCV  
  68  5:03  SCV  
  68  5:06  Supply Depot  
  70  5:13  Marine  
  71  5:16  Refinery  
  71  5:17  Refinery, Marine  
  71  5:21  Raven  
  74  5:25  Supply Depot, SCV x2  
  76  5:31  Marine  
  76  5:35  Marine  
  78  5:37  SCV  
  78  5:42  Orbital Command  
  79  5:43  SCV, Siege Tank  
  79  5:49  Barracks Tech Lab, Marine, SCV  
  85  5:52  Marine  
  85  5:53  Engineering Bay x2  
  85  5:56  SCV  
  87  6:01  SCV  
  87  6:08  SCV  
  88  6:12  Stimpack, Marine, Combat Shield  
  88  6:13  Marauder, SCV x2  
  88  6:14  Marauder, Marine  
  96  6:20  SCV  
  96  6:23  Barracks  
  96  6:25  Barracks, SCV  
  97  6:30  Starport Reactor  
  97  6:32  SCV  
  96  6:36  Orbital Command  
  96  6:37  SCV  
  96  6:40  Terran Infantry Armor Level 1, Terran Infantry Weapons Level 1  
  96  6:41  Marauder, Marine x2  
  96  6:42  Missile Turret  
  96  6:44  Missile Turret, SCV  
  98  6:50  SCV  
  98  6:52  Missile Turret  
  99  6:56  SCV  
  99  6:58  Marine  
  99  7:00  Supply Depot  
  101  7:02  Supply Depot, SCV  
  101  7:03  SCV  
  101  7:04  Factory Reactor  
  104  7:08  SCV  
  104  7:10  Medivac x2  
  104  7:15  SCV  
  109  7:17  Supply Depot  
  109  7:18  Supply Depot  
  109  7:20  Barracks Reactor  
  109  7:21  Marine x4  
  113  7:23  SCV  
  113  7:25  Marine  
  113  7:26  Concussive Shells  
  115  7:30  Armory  
  115  7:33  SCV x2  
  115  7:37  Supply Depot  
  117  7:39  Marine x2, Medivac  
  117  7:40  Marauder x2  
  117  7:42  Medivac  
  117  7:43  Marauder  
  129  7:45  Supply Depot  
  129  7:47  Refinery  
  129  7:52  Refinery  
  129  7:55  SCV  
  129  7:56  Barracks  
  129  7:57  Barracks, Marine x2  
  129  7:58  Barracks  
  132  7:59  SCV x2  
  132  8:00  Supply Depot  
  132  8:01  Marauder  
  132  8:04  Widow Mine x2  
  140  8:10  Medivac  
  140  8:12  Medivac  
  144  8:13  Command Center  
  144  8:14  SCV  
  144  8:16  Marauder, Marine x2  
  147  8:25  Marine x2  
  147  8:26  Marauder x2, Widow Mine x2  
  157  8:29  SCV  
  146  8:34  Supply Depot  
  146  8:37  Marine x2  
  146  8:38  Marauder, Supply Depot  
  146  8:40  Medivac  
  137  8:42  Medivac  
  137  8:43  Marine  
  137  8:47  Marauder x2, SCV x2  
  146  8:50  Marine x2  
  146  8:54  Sensor Tower, SCV  
  149  8:59  Marauder  
  149  9:00  Marine x2  
  149  9:01  Barracks Reactor  
  153  9:03  Barracks Tech Lab  
  153  9:05  SCV  
  153  9:09  Marauder x2  
  158  9:15  Medivac x2  
  158  9:16  Marine  
  163  9:17  SCV x2  
  163  9:18  Marine  
  163  9:21  Marauder  
  168  9:25  Marine  
  168  9:26  Marauder  
  168  9:29  SCV x3  
  168  9:30  Marauder, Marine  
  168  9:31  Marauder  
  179  9:33  Widow Mine x2  
  183  9:41  SCV x2  
  183  9:45  Marine, Medivac  
  184  9:46  Marauder  
  184  9:48  Marine  
  184  9:50  Marine  
  184  9:51  Marauder  
  185  9:54  Widow Mine x2  
  185  9:56  Marauder, Marine  
  185  9:59  Marauder, Marine, Medivac  
  192  10:02  Marine  
  192  10:05  Planetary Fortress  
  181  10:07  Marauder, Marine  
  181  10:09  SCV  
  181  10:13  Marine  
  186  10:14  Marauder  
  186  10:15  Widow Mine, Medivac  
  186  10:20  Terran Infantry Armor Level 2, Terran Infantry Weapons Level 2  
  190  10:26  Marauder, Marine  
  187  10:28  SCV  
  187  10:29  Medivac  
  187  10:35  SCV  
  183  10:46  Marauder, Marine  
  183  10:48  Marine, Medivac  
  183  10:49  Marauder  
  179  10:55  Widow Mine  
  179  10:56  Marine, Widow Mine  
  184  10:57  Marauder  
  184  10:59  Medivac  
  184  11:03  Marauder, Marine  
  182  11:06  Marine  
  182  11:08  Marauder  
  182  11:09  Marine, SCV  
  182  11:10  Marauder  
  189  11:15  Marine x2  
  189  11:17  SCV, Widow Mine  
  189  11:18  SCV  
  195  11:19  Marauder, Command Center  
  195  11:21  SCV  
  195  11:23  Medivac  
  195  11:25  Marauder  
  191  11:26  Marine  
  191  11:28  Marine  
  191  11:29  Marauder, Medivac  
  191  11:30  SCV  
  191  11:32  Marauder  
  180  11:33  Marine  
  180  11:38  Marine x3  
  182  11:40  SCV  
  182  11:41  Marauder, SCV  
  182  11:44  Marine  
  182  11:46  Marauder  
  179  11:49  Sensor Tower  
  179  11:51  Marauder  
  179  11:53  Marauder, Liberator  
  186  11:59  Liberator  
  170  12:17  Marauder, Marine x2  
  170  12:18  Marauder x3, Marine x2  
  170  12:19  Marine, Widow Mine x2  
  170  12:22  Fusion Core  
  185  12:26  Command Center  
  185  12:31  Marine x2  
  185  12:35  Marine, Liberator  
  191  12:38  Marine x2  
  191  12:39  Marauder x3  
  191  12:42  Marine  
  200  12:56  Terran Infantry Armor Level 3  
  200  12:57  Barracks  
  200  12:58  Barracks  
  200  12:59  Barracks  
  200  13:03  Marauder x2, Marine x2  
  197  13:06  Marauder, Marine  
  200  13:24  Marine  
  200  13:25  Marauder  
  189  13:27  Marauder x2, Marine x2  
  189  13:31  Liberator  
  190  13:37  Marauder, Marine  
  189  13:42  Marine  
  189  13:45  Caduceus Reactor  
  189  13:46  Marauder  
  188  13:48  Liberator  
  188  13:49  Marauder, Marine x2  
  188  13:50  Marauder  
  188  13:53  Marine  
  188  13:55  Marine  
  193  13:57  Marine  
  193  13:59  Marauder  
  196  14:03  Marine  
  196  14:04  Command Center  
  196  14:05  Marine  
  196  14:06  Command Center  
  196  14:07  Marauder  
  198  14:11  Marauder  
  198  14:14  Marauder, Marine x2  
  198  14:17  Marine  
  190  14:25  Marine  
  190  14:26  Marauder  
  190  14:27  Marine  
  190  14:28  Marine  
  190  14:29  Marauder, Marine  
  178  14:32  Marauder  
  178  14:35  Marine, Medivac x2  
  178  14:36  Marauder, Marine, Planetary Fortress  
  178  14:38  Widow Mine x2  
  184  14:47  Marauder  
  184  14:49  Starport, Marine  
  184  14:50  Marauder  
  184  14:51  Marine  
  184  14:53  Marine  
  184  14:54  Marauder  
  184  14:57  Marauder  
  186  15:03  Marine  
  186  15:05  Marine x2  
  186  15:06  Marine x2, Widow Mine  
  193  15:08  Marauder  
  193  15:10  Medivac  
  193  15:11  Marauder  
  199  15:15  Marine  
  199  15:20  Marauder, Marine  
  198  15:24  Marauder, Marine  
  198  15:27  Medivac  
  199  15:30  Marauder, Marine x2  
  199  15:33  Marauder, Missile Turret  
  199  15:34  Marine  
  198  15:37  Sensor Tower, Marine  
  198  15:40  Marine  
  200  15:56  Marine  
  182  15:57  Marauder  
  182  15:59  Marine  
  182  16:00  Marauder x2, Marine x2  
  182  16:01  Marauder  
Show
View Real Time Build Order
Export as new Build Order

Geralt Protoss 

Build Orders: 1 Gate Expand, Blink Stalkers 

Get SALT Encoding   

  12  0:00  Probe  
  13  0:12  Probe  
  14  0:17  Pylon  
  14  0:23  Probe  
  15  0:31  Probe  
  15  0:36  Gateway  
  15  0:39  Probe  
  16  0:47  Assimilator  
  17  0:52  Probe  
  18  1:04  Probe  
  19  1:18  Probe  
  20  1:23  Cybernetics Core  
  20  1:31  Nexus  
  20  1:35  Probe  
  21  1:41  Pylon  
  21  1:46  Assimilator  
  21  1:48  Probe  
  21  1:51  Adept  
  22  2:00  Probe  
  25  2:05  Warp Gate  
  25  2:12  Probe  
  25  2:14  Stalker  
  26  2:24  Probe  
  29  2:37  Shield Battery  
  29  2:39  Twilight Council  
  29  2:40  Probe  
  29  2:43  Probe  
  31  2:52  Probe  
  31  2:55  Probe  
  31  2:56  Blink  
  33  3:03  Probe  
  33  3:04  Probe  
  33  3:05  Sentry  
  36  3:11  Probe  
  37  3:16  Probe  
  37  3:19  Gateway  
  39  3:21  Probe  
  40  3:28  Probe  
  40  3:29  Gateway  
  40  3:33  Probe  
  42  3:41  Probe  
  43  3:45  Pylon  
  43  3:46  Probe  
  44  3:54  Probe  
  45  4:01  Shield Battery  
  45  4:03  Nexus  
  45  4:04  Probe  
  45  4:05  Pylon  
  45  4:06  Stalker  
  45  4:08  Probe  
  49  4:15  Robotics Facility  
  49  4:16  Probe  
  50  4:20  Probe  
  50  4:21  Assimilator  
  50  4:22  Stalker  
  53  4:33  Probe  
  54  4:38  Probe  
  54  4:40  Pylon  
  54  4:41  Charge  
  54  4:42  Assimilator  
  54  4:44  Stalker x2  
  54  4:45  Shield Battery, Probe  
  60  4:52  Stalker  
  62  4:58  Probe  
  63  5:02  Pylon, Probe  
  63  5:05  Observer  
  65  5:10  Probe  
  66  5:14  Probe  
  66  5:15  Gateway  
  66  5:16  Probe  
  68  5:22  Pylon, Probe  
  68  5:24  Templar Archives  
  68  5:26  Probe  
  68  5:28  Probe  
  71  5:29  Observer  
  71  5:31  Zealot x3  
  71  5:35  Probe  
  79  5:44  Probe  
  79  5:46  Shield Battery  
  79  5:47  Immortal  
  84  5:51  Probe  
  84  5:53  Pylon, Zealot x2  
  89  6:01  Zealot  
  89  6:03  Pylon  
  85  6:11  Stalker  
  85  6:14  Stalker x2  
  89  6:22  Probe  
  89  6:24  Zealot  
  87  6:26  Psionic Storm  
  87  6:31  Probe  
  83  6:35  Probe, Warp Prism  
  87  6:43  Probe  
  87  6:44  Probe  
  87  6:47  Probe  
  87  6:50  High Templar x2  
  87  6:52  Probe  
  93  6:55  High Templar  
  93  6:58  Probe  
  93  6:59  Probe  
  98  7:07  Probe  
  98  7:08  Probe  
  99  7:14  Probe  
  101  7:16  Gateway  
  101  7:17  Probe  
  101  7:18  Gateway x2  
  101  7:20  Probe  
  102  7:23  Observer  
  102  7:28  Probe  
  102  7:29  High Templar  
  106  7:30  Zealot x3  
  106  7:33  Probe x2  
  114  7:37  Pylon  
  114  7:40  Pylon, Probe  
  114  7:41  Pylon  
  115  7:45  Probe  
  115  7:46  Forge  
  115  7:49  Forge  
  116  7:52  Observer  
  116  7:57  Nexus  
  116  8:01  Probe  
  116  8:05  High Templar, Zealot x2  
  123  8:07  Probe  
  123  8:12  Probe, Zealot x2  
  127  8:13  Probe  
  130  8:20  Gateway x2  
  130  8:24  Protoss Ground Armor Level 1, Protoss Ground Weapons Level 1  
  130  8:25  Zealot x2  
  134  8:28  Warp Prism  
  134  8:32  Nexus  
  134  8:38  Archon  
  134  8:40  Probe  
  135  8:41  Photon Cannon  
  135  8:43  Probe x2  
  137  8:49  Observer  
  137  8:56  Probe x2  
  137  8:58  Gateway, Probe  
  137  8:59  Nexus  
  137  9:00  Pylon  
  140  9:04  Observer  
  140  9:08  Probe  
  135  9:12  Probe  
  135  9:15  Probe  
  135  9:16  Stalker x2  
  139  9:17  Zealot  
  139  9:19  Immortal  
  139  9:20  Probe  
  139  9:21  Pylon  
  142  9:24  Probe  
  142  9:26  Pylon  
  147  9:34  High Templar  
  142  9:47  Zealot x2  
  142  9:48  Zealot x6  
  154  9:54  Probe  
  135  10:03  High Templar  
  135  10:04  Probe x2  
  128  10:08  Stalker x4  
  128  10:09  Stalker x5  
  144  10:16  Probe x2  
  144  10:28  Probe x2  
  146  10:36  Zealot x4  
  146  10:40  Probe x2  
  146  10:42  Zealot x3  
  148  10:43  Nexus  
  134  10:52  Probe x2  
  130  10:58  Zealot x2  
  130  10:59  Zealot x3  
  140  11:04  Probe x2  
  140  11:09  Stalker x2  
  140  11:10  Pylon  
  144  11:18  Probe  
  141  11:19  Probe  
  141  11:22  Pylon  
  141  11:24  Archon  
  124  11:25  Zealot x5  
  124  11:29  Protoss Ground Weapons Level 2, Protoss Ground Armor Level 2  
  124  11:30  Probe  
  124  11:31  Probe  
  126  11:32  Stalker  
  126  11:33  Stalker, Warp Prism  
  129  11:42  Probe  
  129  11:43  Probe  
  129  11:44  Probe  
  128  11:52  Probe  
  128  11:54  Probe, High Templar, Zealot x2  
  131  11:55  Probe  
  130  12:06  Probe  
  130  12:07  Probe, Zealot x5  
  115  12:18  High Templar x2  
  115  12:19  Zealot x2  
  115  12:21  Probe  
  124  12:23  Probe x2  
  124  12:28  Probe  
  126  12:33  Probe  
  126  12:35  Probe x2  
  126  12:36  Probe  
  129  12:45  Probe  
  129  12:47  Probe x3  
  133  12:55  Pylon, Zealot x4, Nexus  
  133  12:56  Nexus  
  133  12:57  Probe  
  142  13:00  Archon  
  142  13:07  Pylon  
  142  13:10  High Templar x2  
  146  13:13  Assimilator  
  146  13:15  Stalker x2  
  146  13:17  Pylon  
  147  13:23  Zealot x6  
  141  13:42  Zealot x2  
  141  13:47  Probe  
  142  13:50  Nexus  
  142  13:52  Nexus  
  141  13:56  High Templar  
  141  13:57  Stalker x5  
  141  13:58  Probe x2  
  149  14:03  Zealot x3  
  146  14:16  Zealot  
  140  14:20  High Templar, Zealot x2  
  140  14:21  Probe  
  133  14:28  Zealot x4  
  116  14:39  Probe x2  
  116  14:42  Probe  
  118  14:58  Probe  
  111  15:04  Probe  
  111  15:05  Stalker x5, Zealot  
  111  15:06  Zealot x3  
  128  15:07  Probe  
  128  15:08  Probe  
  126  15:24  Probe  
  126  15:27  Probe  
  124  15:30  Warp Prism  
  124  15:32  Probe, High Templar  
  124  15:34  Probe  
  120  15:41  Zealot x6  
  126  15:50  Zealot x3  
  114  15:57  Archon  
  114  15:59  Archon  
  90  16:04  Stalker  
  90  16:05  High Templar, Zealot x4  
  80  16:15  Zealot x3  
  80  16:16  Zealot  
Tags
 
Add a new tag
Caveats
  • Supply blocks, unpowered buildings, or Contaminate may cause inaccurate times.
  • Supply counts are checked every 10 seconds.